 Dungeon Crawl Stone Soup version 0.22.0 (webtiles) character file.

439054 mopl the Tortoise (level 22, 0/282 HPs)
             Began as a Minotaur Berserker on Aug 10, 2018.
             Was a High Priest of Trog.
             Killed by drain life
             ... invoked by a deathcap
             ... summoned by a curse toe
              (4 damage)
             ... on level 5 of the Realm of Zot.
             The game lasted 02:30:12 (46984 turns).

mopl the Tortoise (Minotaur Berserker)             Turns: 46984, Time: 02:30:13

Health: 0/282      AC: 35    Str: 29    XL:     22   Next: 67%
Magic:  0/28       EV: 22    Int:  8    God:    Trog [*****.]
Gold:   1961       SH:  0    Dex: 16    Spells: 21/21 levels left

rFire    + + +     SeeInvis .   b - +8 whip "Snakebite" {curare, rPois}
rCold    + + +     Gourm    .   (no shield)
rNeg     + . .     Faith    .   K - +9 crystal plate armour
rPois    +         Spirit   +   O - +2 hat of the Bear Spirit {Spirit, +Rage rN+ MR++}
rElec    +         Reflect  .   q - scarf {rC+ rF+}
rCorr    +         Harm     .   M - +2 pair of gloves
MR       +++++                  I - +2 pair of boots of the Eternal Fruit {MR+}
Stlth    ..........             h - amulet of the acrobat
HPRegen  0.00/turn              Z - ring "Nouwoz" {rElec rC+ MR++ Int+4, =R}
MPRegen  0.21/turn              C - +4 ring of evasion

@: confused, berserking, resistant (expiring), corroded, hasted (expiring),
studying Armour, very quick
A: retaliatory headbutt, hooves 1, horns 2, blurry vision 1, deformed body, fire
resistance 1, frail 1, low mp 1, inhibited regeneration, weak 1, subdued magic 1
}: 3/15 runes: serpentine, barnacled, slimy
a: Berserk, Trog's Hand, Brothers in Arms, Renounce Religion, Evoke Berserk Rage


You were on level 5 of the Realm of Zot.
You worshipped Trog.
Trog was extremely pleased with you.
You were not hungry.

You visited 10 branches of the dungeon, and saw 51 of its levels.
You visited the Abyss 1 time.
You visited 1 bazaar.
You also visited: Labyrinth and Ice Cave.

You collected 4649 gold pieces.
You spent 2688 gold pieces at shops.

Inventory:

Hand Weapons
 a - the +5 great mace of Josupnes {crush, rPois rF+ Int-4 Dex+2}
   (Trog gifted it to you on level 4 of the Pits of Slime)

   It inflicts extra damage upon your enemies.
   It affects your intelligence (-4).
   It affects your dexterity (+2).
   It protects you from fire.
   It protects you from poison.
 b - the +8 whip "Snakebite" (weapon) {curare, rPois}
   (You found it on level 4 of the Lair of Beasts)

   It poisons the flesh of those it strikes.
   It protects you from poison.
 L - a +9 antimagic great mace
Missiles
 d - 59 tomahawks
 l - 15 javelins of penetration (quivered)
 m - 13 poisoned needles
 s - 7 throwing nets
 J - 27 javelins of returning
 Y - 7 tomahawks of dispersal
Armour
 q - a scarf of resistance (worn)
 I - the +2 pair of boots of the Eternal Fruit (worn) {MR+}
   (You found it in a labyrinth)

   It affects your resistance to hostile enchantments.
 K - a +9 crystal plate armour (worn)
 M - a +2 pair of gloves (worn)
 O - the +2 hat of the Bear Spirit (worn) {Spirit, +Rage rN+ MR++}
   (You found it on level 3 of the Elven Halls)

   It protects you from negative energy.
   It affects your resistance to hostile enchantments.
   It lets you go berserk.
 T - the +7 faerie dragon scales {rPois rN+ rCorr}
   (You took it off the Enchantress on level 2 of the Depths)

   It protects you from poison.
   It protects you from negative energy.
   It provides partial protection from all sources of acid and corrosion.
Jewellery
 h - an amulet of the acrobat (around neck)
 C - a +4 ring of evasion (right hand)
 V - an uncursed ring of see invisible
 W - an uncursed ring of flight
 Z - the ring "Nouwoz" (left hand) {rElec rC+ MR++ Int+4, =R}
   (You found it on level 12 of the Dungeon)

   [ring of protection from cold]

   It affects your intelligence (+4).
   It protects you from cold.
   It insulates you from electricity.
   It affects your resistance to hostile enchantments.
Wands
 e - a wand of acid (9)
 o - a wand of digging (32)
 w - a wand of paralysis (57)
 B - a wand of enslavement (32)
 Q - a wand of iceblast (28)
 R - a wand of polymorph (34)
Scrolls
 f - 12 scrolls of remove curse
 k - 17 scrolls of teleportation
 n - a scroll of silence {!r}
 r - 10 scrolls of fear
 v - 3 scrolls of blinking
 D - 5 scrolls of vulnerability
 E - 5 scrolls of fog
 P - 3 scrolls of summoning
Potions
 g - 16 potions of curing
 u - 4 potions of flight
 x - a potion of ambrosia
 z - 2 potions of resistance
 A - a potion of invisibility
 G - 5 potions of haste
 N - 4 potions of cancellation
 S - 5 potions of heal wounds
Books
 y - a manual of Armour
Miscellaneous
 i - 5 phantom mirrors
 j - a phial of floods
 p - a lightning rod (4/4)
 t - a fan of gales
 F - a sack of spiders
 H - 3 boxes of beasts
 U - a lamp of fire
Comestibles
 c - 64 rations


   Skills:
 - Level 20.0 Fighting
 - Level 20.0 Maces & Flails
 + Level 17.0 Throwing
 - Level 20.7 Armour
 + Level 19.1 Dodging
 + Level 14.7 Evocations


You had 21 spell levels left.
You didn't know any spells.
Your spell library was empty.

Dungeon Overview and Level Annotations

Branches:
Dungeon (15/15)              Lair (6/6) D:9          Shoals (4/4) Lair:3
  Snake (4/4) Lair:2        Slime (5/5) Lair:6          Orc (2/2) D:11
    Elf (3/3) Orc:2        Vaults (2/5) D:14         Depths (5/5) D:15
    Zot (5/5) Depths:5
 Temple: D:4-7        Crypt: Vaults:2-3

Altars:
Dithmenos
Gozag
Kikubaaqudgha
Nemelex Xobeh
Okawaru
Trog
Uskayaw
Wu Jian
Xom
Yredelemnul

Shops:
D:6 !::*   D:7 }   D:13 *   D:15 %   Orc:2 (=*   Elf:1 ?   Elf:2 [   Elf:3 :
Snake:3 *

Portals:
Hell: Depths:2 Depths:5
Pandemonium: Depths:1
Ziggurat: Depths:2
Trove: Depths:1 (give +4 storm dragon scales)

Annotations:
Shoals:3 ?ea + mut, exclusion: oklob plant
Elf:2 3 runed doors


Innate Abilities, Weirdness & Mutations

You reflexively headbutt those who attack you in melee.
You have a pair of horns on your head.
You have large cloven feet.
Scrolls take you a little longer to read.
Armour fits poorly on your strangely shaped body.
Your flesh is heat resistant. (rF+)
You are frail. (-10% HP)
Your magical capacity is low. (-10% MP)
You do not regenerate when monsters are visible.
You are weak. (Str -2)
Your spells are a little easier to cast, but a little less powerful.


Message History

You are engulfed in a cloud of spores!
The wandering mushroom closely misses you.
Unknown command.
You whack the wandering mushroom! You headbutt the wandering mushroom!
The wandering mushroom is heavily damaged.
Unknown command.
Your crystal plate armour prevents you from hitting the yellow draconian.
The yellow draconian is severely wounded.
Unknown command.
You whack the deathcap!
The deathcap is heavily damaged.
The deathcap barely misses you. The deathcap completely misses you.
The deathcap releases spores at you!
* * * LOW HITPOINT WARNING * * *
You are engulfed in a cloud of spores!
The yellow draconian barely misses you.
Unknown command.
You whack the deathcap! You headbutt the deathcap!
The deathcap is heavily damaged.
The deathcap draws from the surrounding life force!
You die...

*...................,,,,,*
*▓.[...^............,,,,**
▓▓.................,,***
▓▓...........[..,****
▓▓....8##▓▓▓▓#▓▓▓▓▓▓#
##.....§§§§..)..q.[..###
*#...^..§§§§§.....##....##
*#......qfdf§§(.....###...#
*.......§f@f.§§).....###...
*.......fzff§..^.....# ##..
*.......f..^........^# #..
*....................# ##.
*..$........^........# #.
*,...................# ##.
**,.................## #..
**................## ##..
**,,,,,.........## #...


You could see a yellow draconian monk, a yellow draconian, a curse toe, 6
deathcaps and 2 wandering mushrooms.

Vanquished Creatures
  the Royal Jelly (Slime:5)
  4 ancient liches (Zot:5)
  3 orbs of fire (Zot:5)
  2 Killer Klowns (Zot:5)
  Vashnia (Snake:4)
  Nikola (Snake:4)
  the Enchantress (Depths:2)
  A bone dragon (Depths:5)
  An electric golem (Zot:5)
  A Hell Sentinel (Abyss:2)
  Rupert (Snake:1)
  5 tentacled monstrosities
  14 Orb Guardians (Zot:5)
  2 deep elf blademasters (Elf:3)
  2 deep elf master archers (Elf:3)
  An Ice Fiend (IceCv)
  12 acid blobs
  The ghost of Irofyll the Pandemonic, an adept DDGl of Makhleb (Shoals:1)
  2 sphinxes (Depths:2)
  A kraken (Shoals:3)
  Gastronok (Lair:3)
  A death cob (Zot:5)
  The ghost of inmateoo the Severer, an adept MiFi of Okawaru (Shoals:3)
  3 shadow dragons
  4 storm dragons
  9 nagarajas
  6 azure jellies
  2 draconian monks (Depths:5)
  Roxanne (Snake:1)
  4 fire giants
  Ilsuiw (Shoals:2)
  4 vault wardens (Vaults:1)
  4 frost giants
  The ghost of Verhuimmuergh the Warrior, a journeyman MiBe of Trog (Lair:6)
  2 draconian knights (Zot:5)
  A deep elf sorcerer (Elf:3)
  2 draconian scorchers
  Louise (D:14)
  An orc warlord (Orc:2)
  A cacodemon (Abyss:2)
  A draconian stormcaller (Zot:5)
  2 deep elf elementalists (Elf:3)
  A draconian annihilator (Zot:5)
  The ghost of Azavvuash the Spry, a journeyman MfGl of Trog (Lair:6)
  3 spriggan defenders (Depths:1)
  A draconian shifter (Zot:5)
  2 ironheart preservers (Vaults:1)
  6 very ugly things
  The ghost of Nilihum the Thaumaturge, a journeyman DrFE of Sif Muna (Lair:6)
  2 vampire knights
  3 stone giants
  2 green draconians
  6 deep elf demonologists
  2 black draconians
  3 red draconians
  4 yellow draconians
  4 deep elf annihilators (Elf:3)
  A spark wasp (Depths:2)
  A minotaur (Lab)
  A purple draconian (Zot:2)
  3 deep elf death magi (Elf:3)
  An eidolon (Abyss:2)
  A merfolk javelineer (Shoals:3)
  3 ettins
  6 death oozes (Slime:5)
  3 fire dragons
  4 yaktaur captains
  4 merfolk impalers (Shoals:4)
  3 deep elf high priests
  5 great orbs of eyes
  3 ice dragons
  8 vault guards
  3 hydras
  Fannar (Lair:3)
  2 spriggan air magi (Depths:2)
  9 naga warriors
  A hell beast (Depths:5)
  A rakshasa (Depths:2)
  4 catoblepae (Lair:6)
  A merfolk avatar (Shoals:3)
  4 anacondas
  9 two-headed ogres
  4 merfolk aquamancers (Shoals:4)
  Erica (D:9)
  2 satyrs
  2 death knights
  15 dancing weapons
  3 centaur warriors
  3 tengu warriors
  An ogre mage (Vaults:1)
  3 deep troll shamans
  9 death yaks
  4 deep troll earth magi (Depths:2)
  A hell hog (Abyss:2)
  A vampire mage (Abyss:2)
  9 orc high priests
  A spriggan berserker (Depths:2)
  Urug (Orc:1)
  Nergalle (Lair:3)
  5 shock serpents
  A sun demon (Abyss:2)
  13 naga sharpshooters
  22 deep elf knights
  Sonja (Lair:3)
  4 iron trolls
  6 skeletal warriors
  A sixfirhy (Abyss:2)
  5 sea snakes
  2 unseen horrors (D:12)
  15 deep trolls
  3 wizards
  20 deep elf archers
  2 glowing orange brains
  8 naga ritualists
  3 ironbrand convokers (Vaults:1)
  An obsidian statue (Zot:5)
  5 orc knights
  5 oklob plants
  2 phantasmal warriors
  8 mana vipers
  A wolf spider zombie (D:15)
  2 harpies (Shoals:4)
  48 deep elf magi
  17 ugly things
  3 fauns
  A tengu skeleton (Depths:5)
  A shining eye (Slime:2)
  6 salamanders
  5 orc sorcerers
  A worldbinder (Abyss:2)
  16 cyclopes
  2 salamanders (shapeshifter)
  15 elephants
  7 manticores
  12 moths of wrath
  A guardian serpent (Snake:3)
  5 ice statues
  3 merfolk sirens
  A vault sentinel (Vaults:1)
  Joseph (D:7)
  25 black mambas
  A water nymph (shapeshifter) (D:14)
  4 water nymphs
  3 eyes of devastation
  22 naga magi
  A smoke demon (Abyss:2)
  A rust devil (Depths:5)
  10 spiny frogs
  An orange demon (Abyss:2)
  A gargoyle (D:11)
  2 rime drakes
  A freezing wraith (D:12)
  24 yaktaurs
  An efreet (D:15)
  3 anaconda simulacra (IceCv)
  3 tengu conjurers
  3 komodo dragons
  11 ice devils (IceCv)
  A queen bee (D:12)
  An ancient zyme (Abyss:2)
  9 trolls
  A red devil (Depths:5)
  23 merfolk
  A polar bear (Lair:6)
  6 meliai
  2 hornets
  2 wind drakes
  A troll (shapeshifter) (Depths:1)
  13 hippogriffs
  3 snapping turtles
  2 dream sheep (Shoals:3)
  6 blink frogs
  4 raiju (Abyss:2)
  79 slime creatures
  An air elemental (Elf:1)
  31 yaks
  A shadow (Abyss:2)
  5 spriggans
  2 ynoxinuls (Abyss:2)
  4 wraiths
  2 vampires
  3 wyverns
  2 fire elementals (Elf:1)
  8 golden eyes
  7 large abominations (Abyss:2)
  6 water elementals
  A golden eye (shapeshifter) (D:15)
  A chaos spawn (Abyss:2)
  5 basilisks
  2 neqoxecs (Abyss:2)
  3 hungry ghosts
  7 vampire mosquitoes
  A harpy simulacrum (IceCv)
  A soldier ant (D:11)
  3 small abominations (Abyss:2)
  4 wargs
  4 hydra simulacra (IceCv)
  A soldier ant (shapeshifter) (Vaults:1)
  37 nagas
  10 water moccasins
  5 acid dragons
  A floating eye (shapeshifter) (D:14)
  8 porcupines
  6 sky beasts
  40 orc warriors
  3 eyes of draining
  9 ice beasts
  3 black bears
  2 ettin simulacra (IceCv)
  2 phantoms
  A necrophage (D:13)
  24 centaurs
  19 ogres
  12 wolves
  2 elf zombies (D:13)
  21 crocodiles
  7 big kobolds
  3 gnoll sergeants (D:11)
  16 bullfrogs
  An elf skeleton (D:13)
  4 earth elementals
  A wyvern zombie (D:8)
  A wyvern skeleton (D:13)
  7 scorpions
  25 killer bees
  4 wights
  2 howler monkeys
  7 electric eels
  3 crimson imps
  A quasit (D:13)
  2 bullfrog zombies
  3 centaur zombies
  4 bullfrog skeletons
  4 hounds
  3 human zombies (D:13)
  16 orc priests
  4 centaur skeletons
  7 jellies
  24 orc wizards
  7 iguanas
  Ijyb (D:3)
  14 worker ants
  2 hound skeletons
  A worker ant zombie (D:8)
  2 mummies (D:13)
  13 gnolls
  A howler monkey skeleton (D:6)
  19 adders
  3 shadow imps
  A white imp (Abyss:2)
  An ufetubus (Abyss:2)
  An adder skeleton (D:5)
  3 worms
  3 dart slugs
  7 leopard geckos
  94 orcs
  15 bats
  2 bat zombies (D:7)
  5 giant cockroaches
  6 goblins
  9 hobgoblins
  13 jackals
  28 kobolds
  5 quokkas
  A ball python (D:3)
  A ball python skeleton (D:4)
  4 frilled lizards
  A jackal skeleton (D:7)
  A leopard gecko skeleton (D:6)
  An orc zombie (D:13)
  4 rats
  2 fungi (Orc:2)
  2 plants
  4 tentacles (Shoals:3)
1581 creatures vanquished.

Vanquished Creatures (collateral kills)
  A deep elf annihilator (Elf:3)
  A merfolk impaler (Shoals:2)
  A merfolk siren (Shoals:2)
  A spiny frog (Lair:1)
  A dream sheep (Shoals:3)
  A snapping turtle (Shoals:3)
  2 yaks (Lair:1)
  An ogre (D:11)
  A gnoll sergeant (D:11)
  A gnoll (D:11)
11 creatures vanquished.

Vanquished Creatures (others)
  2 deep elf knights
  A crocodile (Lair:6)
  5 bushes
  3 fungi (Orc:2)
  11 plants
  3 tentacles (Shoals:3)
  4 withered plants (Lair:6)
29 creatures vanquished.

Grand Total: 1621 creatures vanquished

Notes
Turn   | Place    | Note
-------+----------+-------------------------------------------
     0 | D:1      | mopl the Minotaur Berserker began the quest for the Orb.
     0 | D:1      | Reached XP level 1. HP: 19/19 MP: 0/0
   103 | D:1      | Reached XP level 2. HP: 21/27 MP: 1/1
   105 | D:1      | Reached skill level 4 in Maces & Flails
   600 | D:2      | Reached skill level 4 in Fighting
   600 | D:2      | Reached XP level 3. HP: 33/33 MP: 2/2
   702 | D:2      | Reached skill level 3 in Armour
   725 | D:2      | Reached ** piety under Trog
  1214 | D:3      | Reached XP level 4. HP: 40/40 MP: 3/3
  1220 | D:3      | Reached skill level 3 in Dodging
  1222 | D:3      | Reached skill level 5 in Maces & Flails
  1556 | D:3      | Reached XP level 5. HP: 47/47 MP: 4/4
  2005 | D:3      | Noticed Ijyb
  2014 | D:3      | Paralysed by Ijyb for 2 turns
  2016 | D:3      | Killed Ijyb
  2194 | D:3      | Reached skill level 4 in Armour
  2416 | D:4      | Reached XP level 6. HP: 49/55 MP: 5/5
  2420 | D:4      | Found a shimmering altar of Xom.
  2422 | D:4      | Found an opulent altar of Gozag.
  2424 | D:4      | Found a basalt altar of Yredelemnul.
  2424 | D:4      | Found a sparkling altar of Nemelex Xobeh.
  2448 | D:4      | Reached skill level 6 in Maces & Flails
  2468 | D:4      | Reached skill level 5 in Fighting
  2687 | D:4      | Reached skill level 4 in Dodging
  2705 | D:4      | Reached *** piety under Trog
  2764 | D:4      | Reached XP level 7. HP: 59/61 MP: 6/6
  3081 | D:4      | Reached skill level 7 in Maces & Flails
  3418 | D:5      | Entered Level 5 of the Dungeon
  3515 | D:5      | Reached skill level 5 in Armour
  3659 | D:5      | Reached skill level 6 in Fighting
  3659 | D:5      | Reached skill level 5 in Dodging
  3670 | D:5      | Reached skill level 8 in Maces & Flails
  3670 | D:5      | Reached XP level 8. HP: 70/70 MP: 0/7
  4105 | D:5      | Reached skill level 6 in Armour
  4287 | D:5      | Noticed a hand axe
  4288 | D:5      | Noticed a dagger
  4292 | D:5      | Found a hide-covered altar of Uskayaw.
  4338 | D:5      | Reached skill level 9 in Maces & Flails
  4633 | D:6      | Reached skill level 7 in Fighting
  4646 | D:6      | Found Omack's Distillery.
  4658 | D:6      | Found Yxzadd's Book Shoppe.
  4660 | D:6      | Found Feint's Assorted Antiques.
  4661 | D:6      | Found Bigiumeprod's Book Shoppe.
  4664 | D:6      | Bought a potion of heal wounds for 60 gold pieces
  4664 | D:6      | Bought a potion of lignification for 36 gold pieces
  4680 | D:6      | Bought a scroll of identify for 48 gold pieces
  4680 | D:6      | Bought a scroll labeled TEASSI XOJO for 24 gold pieces
  4867 | D:6      | Reached skill level 6 in Dodging
  4927 | D:6      | Reached XP level 9. HP: 70/79 MP: 8/8
  5082 | D:6      | Reached **** piety under Trog
  5502 | D:7      | Noticed Joseph
  5522 | D:7      | Reached skill level 10 in Maces & Flails
  5522 | D:7      | Reached skill level 7 in Armour
  5531 | D:7      | Killed Joseph
  5818 | D:7      | Found Sad Ucau's Gadget Shoppe.
  5957 | D:7      | Found a bloodstained altar of Trog.
  6029 | D:7      | Reached skill level 8 in Fighting
  6029 | D:7      | Reached skill level 1 in Throwing
  6268 | D:7      | Found an ancient bone altar of Kikubaaqudgha.
  6429 | D:8      | Reached skill level 7 in Dodging
  6541 | D:8      | Reached skill level 11 in Maces & Flails
  6594 | D:8      | Reached skill level 2 in Throwing
  6768 | D:8      | Reached skill level 8 in Armour
  6768 | D:8      | Reached XP level 10. HP: 75/90 MP: 9/9
  6847 | D:8      | Paralysed by an orc for 5 turns
  7632 | D:6      | Bought a scroll labeled DOAW BASTANEER for 24 gold pieces
  7632 | D:6      | Bought a scroll labeled KAAROL WESS for 24 gold pieces
  7632 | D:6      | Bought a dark potion for 21 gold pieces
  7632 | D:6      | Bought a scroll of identify for 48 gold pieces
  7733 | D:9      | Reached skill level 3 in Throwing
  7800 | D:9      | Noticed Erica
  7819 | D:9      | Killed Erica
  7819 | D:9      | Reached skill level 9 in Fighting
  7867 | D:9      | Got a smoking ring mail
  7942 | D:9      | Reached skill level 12 in Maces & Flails
  8008 | D:9      | Reached skill level 8 in Dodging
  8013 | D:9      | Found a staircase to the Lair.
  8192 | D:9      | Reached skill level 4 in Throwing
  8200 | D:9      | Reached ***** piety under Trog
  8229 | D:9      | Received a gift from Trog
  8296 | D:9      | Reached skill level 9 in Armour
  8677 | D:10     | Entered Level 10 of the Dungeon
  8694 | D:10     | Reached XP level 11. HP: 97/97 MP: 10/10
  9051 | D:10     | Found a shimmering altar of Xom.
  9269 | D:10     | Noticed a two-headed ogre
  9276 | D:10     | Killed a two-headed ogre
  9276 | D:10     | Reached skill level 13 in Maces & Flails
  9469 | D:6      | Bought a potion of haste for 120 gold pieces
  9651 | D:11     | Found an iron altar of Okawaru.
  9658 | D:11     | Got a jewelled hand axe
  9875 | D:11     | Reached skill level 5 in Throwing
 10046 | D:11     | Reached skill level 10 in Fighting
 10076 | D:11     | Found a staircase to the Orcish Mines.
 10112 | D:11     | Reached skill level 9 in Dodging
 10124 | D:11     | Received a gift from Trog
 10432 | D:11     | Identified the cursed +0 hand axe "Bucwum" {chop, Fragile rPois rF+ Str-2 Dex+5} (You found it on level 11 of the Dungeon)
 10844 | Orc:1    | Entered Level 1 of the Orcish Mines
 10894 | Orc:2    | Entered Level 2 of the Orcish Mines
 10894 | Orc:2    | Noticed an orc high priest
 10894 | Orc:2    | Noticed an orc knight
 10900 | Orc:2    | Noticed an orc high priest
 10902 | Orc:2    | Noticed a sixfirhy
 11038 | Orc:1    | Killed an orc knight
 11038 | Orc:1    | Reached skill level 10 in Armour
 11170 | Orc:2    | Noticed a sun demon
 11232 | Orc:1    | Killed an orc high priest
 11236 | Orc:1    | Killed an orc high priest
 11320 | Orc:2    | Found Tuaq's Antique Armour Shop.
 11514 | Orc:2    | Reached skill level 14 in Maces & Flails
 11572 | Orc:1    | Noticed Urug
 11589 | Orc:1    | Killed Urug
 11589 | Orc:1    | Reached skill level 6 in Throwing
 11589 | Orc:1    | Reached XP level 12. HP: 108/108 MP: 11/11
 12467 | Orc:2    | Identified the +1 ring mail of the Two of Swords {rC+ SInv} (You found it on level 9 of the Dungeon)
 12593 | Orc:2    | Found Ulonis's Antique Weapon Boutique.
 12597 | Orc:2    | Noticed an orc high priest
 12609 | Orc:2    | Killed an orc high priest
 12610 | Orc:2    | Noticed an orc high priest
 12650 | Orc:1    | HP: 5/108 [poisoned by an orange demon]
 12655 | Orc:1    | HP: 5/108 [poisoned by an orange demon]
 12662 | Orc:1    | HP: 5/108 [poisoned by an orange demon]
 12670 | Orc:1    | HP: 5/108 [poisoned by an orange demon]
 13053 | Orc:2    | Received a gift from Trog
 13154 | Orc:1    | Killed an orc high priest
 13154 | Orc:1    | Reached skill level 11 in Fighting
 13381 | Orc:2    | Found a staircase to the Elven Halls.
 13396 | Orc:2    | Noticed an orc high priest
 13443 | Orc:2    | Killed an orc high priest
 13443 | Orc:2    | Reached skill level 10 in Dodging
 13539 | Orc:2    | Found Dotzarphe's General Store.
 13566 | Orc:2    | Bought a scroll of fog for 28 gold pieces
 13566 | Orc:2    | Bought a scroll of identify for 28 gold pieces
 13579 | Orc:2    | Noticed an orc high priest
 13713 | Orc:2    | Reached skill level 15 in Maces & Flails
 13715 | Orc:2    | Killed an orc high priest
 13715 | Orc:2    | Reached skill level 7 in Throwing
 13715 | Orc:2    | Reached skill level 11 in Armour
 13904 | Orc:2    | Received a gift from Trog
 13928 | Orc:2    | Found Eskuj's Jewellery Emporium.
 13932 | Orc:2    | Noticed an orc warlord
 13968 | Orc:2    | Killed an orc warlord
 13968 | Orc:2    | Reached skill level 1 in Evocations
 14014 | Orc:2    | Bought a cursed ring of attention for 54 gold pieces
 14014 | Orc:2    | Bought a cursed amulet of inaccuracy for 24 gold pieces
 14448 | D:6      | Bought a potion of curing for 36 gold pieces
 14448 | D:6      | Bought a potion of curing for 36 gold pieces
 14448 | D:6      | Bought a potion of curing for 36 gold pieces
 14448 | D:6      | Bought a potion of ambrosia for 96 gold pieces
 14448 | D:6      | Bought 2 potions of cancellation for 192 gold pieces
 14448 | D:6      | Bought a potion of haste for 120 gold pieces
 14527 | Lair:1   | Entered Level 1 of the Lair of Beasts
 14576 | Lair:1   | Noticed an eight-headed hydra
 14580 | Lair:1   | Killed a nine-headed hydra
 14677 | Lair:1   | Reached XP level 13. HP: 116/116 MP: 13/13
 14693 | Lair:1   | Found a labyrinth entrance.
 14707 | Lab      | Entered a labyrinth
 14761 | Lab      | Found an exit through the horrors of the Abyss.
 14824 | Lab      | Noticed a minotaur
 14838 | Lab      | Killed a minotaur
 14864 | Lab      | Got a pair of dazzling boots
 14866 | Lab      | Identified the Almanac of Execration
 14875 | Lab      | Identified the +2 pair of boots of the Eternal Fruit {MR+} (You found it in a labyrinth)
 14895 | Lab      | Got a warped dagger {pierce}
 15113 | Lair:1   | Reached skill level 2 in Evocations
 16348 | Lair:2   | Found a staircase to the Snake Pit.
 16654 | Lair:3   | Noticed Sonja
 16662 | Lair:3   | Killed Sonja
 16859 | Lair:3   | Noticed Nergalle
 16873 | Lair:3   | Killed Nergalle
 16873 | Lair:3   | Reached skill level 12 in Fighting
 16875 | Lair:3   | Reached skill level 3 in Evocations
 16908 | Lair:3   | Noticed Fannar
 16947 | Lair:3   | Killed Fannar
 17104 | Lair:3   | Noticed Gastronok
 17119 | Lair:3   | Killed Gastronok
 17119 | Lair:3   | Reached skill level 16 in Maces & Flails
 17119 | Lair:3   | Reached skill level 8 in Throwing
 17119 | Lair:3   | Reached skill level 11 in Dodging
 17160 | Lair:3   | Found a staircase to the Shoals.
 17784 | Lair:4   | Found the +8 whip "Snakebite" {curare, rPois}
 17946 | Lair:4   | Reached skill level 12 in Armour
 18297 | Lair:4   | HP: 4/118 [acid (9)]
 19210 | Lair:5   | Received a gift from Trog
 19210 | Lair:5   | Reached skill level 4 in Evocations
 19663 | Lair:5   | Reached XP level 14. HP: 95/127 MP: 16/16
 20433 | Lair:6   | Entered Level 6 of the Lair of Beasts
 20621 | Lair:6   | Found a staircase to the Slime Pits.
 20906 | Lair:6   | Got a faintly glowing wooden ring
 20908 | Lair:6   | Identified the ring of the Ladybird {*Drain rElec MP-9 Str+5 SInv} (You found it on level 6 of the Lair of Beasts)
 20948 | Lair:6   | Found a shadowy altar of Dithmenos.
 20958 | Lair:6   | Reached skill level 9 in Throwing
 21006 | Lair:6   | Reached skill level 17 in Maces & Flails
 21113 | Lair:6   | Reached skill level 5 in Evocations
 21134 | Lair:6   | Found a runed gate.
 21134 | Lair:6   | Found a runed gate.
 21134 | Lair:6   | Found a runed gate.
 21134 | Lair:6   | Noticed Nilihum's ghost (journeyman DrFE)
 21134 | Lair:6   | Noticed Azavvuash's ghost (journeyman MfGl)
 21135 | Lair:6   | Noticed Verhuimmuergh's ghost (journeyman MiBe)
 21514 | Lair:6   | Received a gift from Trog
 21542 | Lair:6   | Reached skill level 13 in Fighting
 22029 | Lair:6   | Killed Nilihum's ghost
 22045 | Lair:6   | Killed Verhuimmuergh's ghost
 22045 | Lair:6   | Reached skill level 12 in Dodging
 22051 | Lair:6   | Killed Azavvuash's ghost
 22432 | D:12     | Reached skill level 13 in Armour
 22684 | D:12     | Reached XP level 15. HP: 78/136 MP: 9/18
 23071 | D:12     | Reached skill level 6 in Evocations
 23084 | D:12     | Got a scorched amber ring
 23090 | D:12     | Identified the ring "Nouwoz" {rElec rC+ MR++ Int+4} (You found it on level 12 of the Dungeon)
 23275 | D:12     | Received a gift from Trog
 23854 | D:12     | Reached skill level 18 in Maces & Flails
 24356 | D:13     | Found Hikisim's General Store.
 24361 | D:13     | Reached skill level 10 in Throwing
 24440 | D:13     | Found an ancient bone altar of Kikubaaqudgha.
 24670 | D:14     | Received a gift from Trog
 24784 | D:14     | Found a gate to the Vaults.
 25786 | D:14     | Noticed Louise
 25815 | D:14     | Killed Louise
 26297 | D:15     | Entered Level 15 of the Dungeon
 26947 | D:15     | Found an opulent altar of Gozag.
 26984 | D:15     | Found Ritwox's Food Boutique.
 27195 | D:15     | Reached skill level 14 in Fighting
 27262 | D:15     | Found a staircase to the Depths.
 27268 | D:15     | Received a gift from Trog
 27616 | D:6      | Bought a fluorescent wand for 96 gold pieces
 27915 | Elf:1    | Entered Level 1 of the Elven Halls
 27928 | Elf:1    | Reached skill level 7 in Evocations
 28332 | Elf:1    | Received a gift from Trog
 28332 | Elf:1    | Reached XP level 16. HP: 134/146 MP: 20/20
 28375 | Elf:1    | Got a heavily runed ring mail
 28405 | Elf:1    | Identified the cursed +1 ring mail of Parlour Games {rN+ MR- Int+5} (You found it on level 1 of the Elven Halls)
 28491 | Elf:1    | Reached skill level 14 in Armour
 28516 | Elf:1    | Received a gift from Trog
 28767 | Elf:1    | Identified a scroll of acquirement
 28772 | Elf:1    | Reached skill level 13 in Dodging
 29143 | Elf:1    | Reached skill level 19 in Maces & Flails
 29228 | Elf:1    | Found Fucugh Hyinn's Magic Scroll Shoppe.
 29236 | Elf:1    | Bought 3 scrolls of fog for 78 gold pieces
 29236 | Elf:1    | Bought a scroll of identify for 26 gold pieces
 29236 | Elf:1    | Bought a scroll of teleportation for 39 gold pieces
 29236 | Elf:1    | Bought a scroll of magic mapping for 45 gold pieces
 29236 | Elf:1    | Bought a scroll of magic mapping for 45 gold pieces
 29955 | Elf:2    | Received a gift from Trog
 30167 | Elf:2    | Reached skill level 11 in Throwing
 30303 | Elf:2    | Received a gift from Trog
 30327 | Elf:2    | Reached ****** piety under Trog
 30470 | Elf:2    | Found Osodaur's Armour Emporium.
 30686 | Elf:2    | Reached skill level 8 in Evocations
 30810 | Elf:2    | Found a runed gate.
 30810 | Elf:2    | Found a runed gate.
 30810 | Elf:2    | Found a runed gate.
 30873 | Elf:3    | Entered Level 3 of the Elven Halls
 30983 | Elf:3    | Found Raaj's One-of-a-Kind Books.
 31356 | Elf:3    | Reached XP level 17. HP: 151/154 MP: 22/22
 31751 | Elf:3    | Received a gift from Trog
 31751 | Elf:3    | Reached skill level 15 in Fighting
 31914 | Elf:3    | Noticed a deep elf blademaster
 31923 | Elf:3    | Reached skill level 20 in Maces & Flails
 31929 | Elf:3    | Noticed a Hell Sentinel
 31952 | Elf:3    | Killed a deep elf blademaster
 32021 | Elf:3    | Noticed a deep elf blademaster
 32042 | Elf:3    | Killed a deep elf blademaster
 32042 | Elf:3    | Reached skill level 15 in Armour
 32093 | Elf:3    | Noticed a deep elf master archer
 32096 | Elf:3    | HP: 2/156 [deep elf master archer/arrow (26)]
 32100 | Elf:3    | Killed a deep elf master archer
 32458 | Elf:3    | Reached skill level 14 in Dodging
 32462 | Elf:3    | Noticed a deep elf master archer
 32503 | Elf:3    | Killed a deep elf master archer
 32869 | Elf:3    | Got a translucent jade ring
 32872 | Elf:3    | Identified the ring of Noipulau {Ice MP+9 Str+3} (You took it off a deep elf annihilator on level 3 of the Elven Halls)
 33044 | Elf:3    | Reached skill level 9 in Evocations
 33278 | Elf:3    | Found the +2 hat of the Bear Spirit {Spirit, +Rage rN+ MR++}
 33412 | Elf:3    | Identified the ring of Xaehoal {MP+9 Int+4} (You found it on level 3 of the Elven Halls)
 34086 | Snake:1  | Entered Level 1 of the Snake Pit
 34168 | Snake:1  | Noticed Rupert
 34176 | Snake:1  | Killed Rupert
 34323 | Snake:1  | Reached skill level 12 in Throwing
 34385 | Snake:1  | Noticed Roxanne
 34405 | Snake:1  | Killed Roxanne
 34412 | Snake:1  | Identified Roxanne's Almanac of Clay (You took it off Roxanne on level 1 of the Snake Pit)
 34725 | Snake:2  | Found a frozen archway.
 34738 | IceCv    | Entered an ice cave
 34868 | IceCv    | Received a gift from Trog
 35083 | IceCv    | Noticed an Ice Fiend
 35093 | IceCv    | Killed an Ice Fiend
 35572 | Snake:3  | Found Lanuo's Assorted Antiques.
 35577 | Snake:3  | Bought a potion of haste for 260 gold pieces
 35801 | Snake:3  | Reached XP level 18. HP: 157/166 MP: 24/24
 36054 | Snake:4  | Entered Level 4 of the Snake Pit
 36098 | Snake:4  | Received a gift from Trog
 36098 | Snake:4  | Reached skill level 16 in Fighting
 36161 | Snake:4  | Noticed Vashnia
 36184 | Snake:4  | Killed Vashnia
 36196 | Snake:4  | Received a gift from Trog
 36217 | Snake:4  | Reached skill level 16 in Armour
 36246 | Snake:4  | Reached skill level 10 in Evocations
 36517 | Snake:4  | Reached skill level 15 in Dodging
 36646 | Snake:4  | Noticed Nikola
 36668 | Snake:4  | Killed Nikola
 36693 | Snake:4  | Reached skill level 13 in Throwing
 36722 | Snake:4  | Received a gift from Trog
 36888 | Snake:4  | Got a serpentine rune of Zot
 37177 | Shoals:1 | Entered Level 1 of the Shoals
 37187 | Shoals:1 | Found a runed door.
 37218 | Shoals:1 | Noticed Irofyll's ghost (adept DDGl)
 37284 | Shoals:1 | Killed Irofyll's ghost
 37371 | Shoals:2 | Noticed Ilsuiw
 37430 | Shoals:2 | Killed Ilsuiw
 37672 | Shoals:3 | Found a runed gate.
 37672 | Shoals:3 | Found a runed gate.
 37672 | Shoals:3 | Found a runed gate.
 37678 | Shoals:3 | Noticed inmateoo's ghost (adept MiFi)
 37769 | Shoals:3 | Found an ornate altar of the Wu Jian Council.
 37847 | Shoals:3 | Killed inmateoo's ghost
 37847 | Shoals:3 | Reached XP level 19. HP: 155/174 MP: 17/26
 37921 | Shoals:3 | Got a smoking wooden ring
 37948 | Shoals:3 | Identified the ring of Werheefu {rPois rC+ Slay+2} (You found it on level 3 of the Shoals)
 38348 | Shoals:4 | Entered Level 4 of the Shoals
 38478 | Shoals:4 | Reached skill level 17 in Fighting
 38666 | Shoals:4 | Cast into level 2 of the Abyss (merfolk aquamancer)
 38783 | Abyss:2  | Reached skill level 11 in Evocations
 38813 | Abyss:2  | Gained mutation: Your magical capacity is low. (-10% MP) [a neqoxec]
 38816 | Abyss:2  | Gained mutation: You are frail. (-10% HP) [a neqoxec]
 38935 | Abyss:2  | Reached skill level 17 in Armour
 38984 | Abyss:2  | Gained mutation: You are clumsy. (Dex -2) [a cacodemon]
 39090 | Abyss:2  | Gained mutation: Your magical capacity is very low. (-20% MP) [a neqoxec]
 39117 | Abyss:2  | Got a pitted amethyst amulet
 39118 | Abyss:2  | Identified the amulet of Fuesinun {+Rage SInv} (You found it on level 2 of the Abyss)
 39254 | Abyss:2  | Found a corrupted altar of Lugonu.
 39316 | Shoals:4 | Escaped the Abyss
 39327 | Shoals:4 | Received a gift from Trog
 39423 | Shoals:4 | Got a barnacled rune of Zot
 39751 | Slime:1  | Entered Level 1 of the Pits of Slime
 39757 | Slime:1  | Reached skill level 16 in Dodging
 39796 | Slime:2  | Gained mutation: You are dopey. (Int -2) [a shining eye]
 40268 | Slime:3  | Reached skill level 14 in Throwing
 40652 | Slime:4  | Received a gift from Trog
 40660 | Slime:4  | Got an ancient great mace {god gift}
 40661 | Slime:4  | Identified the +5 great mace of Josupnes {crush, rPois rF+ Int-4 Dex+2} (Trog gifted it to you on level 4 of the Pits of Slime)
 40739 | Slime:5  | Entered Level 5 of the Pits of Slime
 41055 | Slime:5  | Noticed the Royal Jelly
 41062 | Slime:5  | Reached skill level 18 in Armour
 41066 | Slime:5  | Killed the Royal Jelly
 41071 | Slime:5  | Reached XP level 20. HP: 98/168 MP: 16/22
 41533 | Slime:5  | Found the ring of the Mage {Wiz MR++ Int+3}
 41600 | Slime:5  | Got a slimy rune of Zot
 41649 | Slime:5  | Lost mutation: You are frail. (-10% HP) [potion of mutation]
 41649 | Slime:5  | Lost mutation: You are dopey. (Int -2) [potion of mutation]
 41649 | Slime:5  | Lost mutation: Your magical capacity is very low. (-20% MP) [potion of mutation]
 41649 | Slime:5  | Lost mutation: Your magical capacity is low. (-10% MP) [potion of mutation]
 41649 | Slime:5  | Gained mutation: Your flesh is heat resistant. (rF+) [potion of mutation]
 41649 | Slime:5  | Gained mutation: Your spells are a little easier to cast, but a little less powerful. [potion of mutation]
 41649 | Slime:5  | Gained mutation: You have large cloven feet. [potion of mutation]
 41649 | Slime:5  | Lost mutation: You are clumsy. (Dex -2) [potion of mutation]
 42076 | Vaults:1 | Entered Level 1 of the Vaults
 42128 | Vaults:1 | Reached skill level 12 in Evocations
 42133 | Vaults:1 | Reached skill level 18 in Fighting
 42181 | Vaults:1 | Received a gift from Trog
 42338 | Vaults:1 | Found a flickering gateway to a bazaar.
 42347 | Vaults:1 | Received a gift from Trog
 42354 | Bazaar   | Entered a bazaar
 42377 | Bazaar   | Found Yhezegg's Gadget Emporium.
 42395 | Bazaar   | Found Anwy's Antique Armour Shoppe.
 42442 | Bazaar   | Found Wair's Antique Weapon Shop.
 42459 | Bazaar   | Found Fangik's Book Shoppe.
 42483 | Bazaar   | Bought a phantom mirror for 360 gold pieces
 42483 | Bazaar   | Bought a phantom mirror for 360 gold pieces
 42483 | Bazaar   | Bought a wand of iceblast (7) for 132 gold pieces
 42483 | Bazaar   | Bought a wand of paralysis (14) for 192 gold pieces
 42512 | Vaults:1 | Reached skill level 19 in Armour
 43074 | Depths:1 | Entered Level 1 of the Depths
 43536 | Depths:1 | Found a portal to a secret trove of treasure.
 43562 | Depths:1 | Found a one-way gate leading to the halls of Pandemonium.
 43578 | Depths:1 | Reached skill level 17 in Dodging
 43759 | Depths:2 | Found a gateway to Hell.
 43980 | Depths:1 | Reached skill level 15 in Throwing
 44047 | Depths:1 | Received a gift from Trog
 44137 | Depths:2 | Noticed the Enchantress
 44185 | Depths:2 | Killed the Enchantress
 44202 | Depths:2 | Got faerie dragon scales
 44210 | Depths:2 | Reached skill level 20 in Armour
 44254 | Depths:2 | Reached XP level 21. HP: 56/195 MP: 10/29
 44330 | Depths:2 | Identified the +7 faerie dragon scales {rPois rN+ rCorr} (You took it off the Enchantress on level 2 of the Depths)
 44698 | Depths:2 | Reached skill level 13 in Evocations
 44724 | Depths:2 | Found a gateway to a ziggurat.
 44881 | Depths:2 | Received a gift from Trog
 44917 | Depths:3 | Reached skill level 19 in Fighting
 44984 | Depths:5 | Entered Level 5 of the Depths
 45531 | Depths:5 | Found a gate to the Realm of Zot.
 45537 | Zot:1    | Entered Level 1 of the Realm of Zot
 45585 | Zot:1    | Received a gift from Trog
 45869 | Zot:4    | Reached skill level 18 in Dodging
 45873 | Zot:5    | Entered Level 5 of the Realm of Zot
 46180 | Zot:5    | Received a gift from Trog
 46219 | Zot:5    | Noticed an ancient lich
 46229 | Zot:5    | Killed an ancient lich
 46229 | Zot:5    | Reached skill level 16 in Throwing
 46377 | Zot:5    | Reached XP level 22. HP: 181/207 MP: 9/31
 46382 | Zot:5    | Noticed a Killer Klown
 46419 | Zot:5    | Killed a Killer Klown
 46421 | Zot:5    | Received a gift from Trog
 46471 | Zot:5    | Noticed an orb of fire
 46493 | Zot:5    | Reached skill level 14 in Evocations
 46593 | Zot:5    | Noticed an ancient lich
 46603 | Zot:5    | Killed an ancient lich
 46608 | Zot:5    | Reached skill level 20 in Fighting
 46611 | Zot:5    | Noticed an ancient lich
 46625 | Zot:5    | Killed an ancient lich
 46665 | Zot:5    | Noticed an orb of fire
 46678 | Zot:5    | Killed an orb of fire
 46685 | Zot:5    | Noticed an orb of fire
 46688 | Zot:5    | Noticed a Killer Klown
 46688 | Zot:5    | Gained mutation: You are frail. (-10% HP) [an orb of fire]
 46696 | Zot:5    | Gained mutation: You are weak. (Str -2) [an orb of fire]
 46701 | Zot:5    | Gained mutation: You do not regenerate when monsters are visible. [an orb of fire]
 46703 | Zot:5    | Killed a Killer Klown
 46714 | Zot:5    | Killed an orb of fire
 46715 | Zot:5    | Noticed an ancient lich
 46724 | Zot:5    | Killed an ancient lich
 46803 | Zot:5    | Received a gift from Trog
 46803 | Zot:5    | Reached skill level 19 in Dodging
 46887 | Zot:5    | Noticed an orb of fire
 46893 | Zot:5    | Gained mutation: Armour fits poorly on your strangely shaped body. [an orb of fire]
 46912 | Zot:5    | Gained mutation: Your magical capacity is low. (-10% MP) [an orb of fire]
 46914 | Zot:5    | Gained mutation: Scrolls take you a little longer to read. [an orb of fire]
 46921 | Zot:5    | Killed an orb of fire
 46921 | Zot:5    | Reached skill level 17 in Throwing
 46945 | Zot:5    | Noticed a curse toe
 46980 | Zot:5    | HP: 12/282 [deathcap[a curse toe] (9)]
 46983 | Zot:5    | HP: 4/282 [deathcap[a curse toe] (8)]
 46984 | Zot:5    | Killed from afar by a deathcap

Skill      XL: |  1  2  3  4  5  6  7  8  9 10 11 12 13 14 15 16 17 18 19 20 21 22 |
---------------+-------------------------------------------------------------------+-----
Maces & Flails | 4 5 6 8 9 11 12 14 15 16 17 18 19 20 | 20.0
Fighting       | 4 5 6 7 8 9 10 11 12 13 14 15 16 17 18 19 20 | 20.0
Armour         | 3 4 5 6 8 9 10 11 12 13 14 15 16 18 20 | 20.7
Dodging        | 3 4 5 6 7 8 9 10 11 12 13 14 15 16 17 18 19 | 19.1
Throwing       | 2 4 6 7 8 9 10 11 12 13 14 15 16 17 | 17.0
Evocations     | 1 4 5 7 8 9 10 11 12 13 14 | 14.7

Action                   |  1- 3 |  4- 6 |  7- 9 | 10-12 | 13-15 | 16-18 | 19-21 | 22-24 || total
-------------------------+-------+-------+-------+-------+-------+-------+-------+-------++-------
Melee: Mace              |    72 |    42 |       |       |       |       |       |       ||   114
       Headbutt          |    15 |    25 |    64 |   184 |   483 |   376 |   475 |    78 ||  1700
       Flail             |       |    89 |   313 |   288 |       |       |       |       ||   690
       Morningstar       |       |       |       |   354 |       |       |       |       ||   354
       Dire flail        |       |       |       |   131 |  1206 |       |       |       ||  1337
       Whip              |       |       |       |       |   170 |   621 |   211 |    69 ||  1071
       Great mace        |       |       |       |       |   183 |   931 |  1328 |   168 ||  2610
Throw: Tomahawk          |       |       |       |     9 |    68 |    27 |     3 |       ||   107
       Javelin           |       |       |       |       |    20 |       |    48 |    20 ||    88
Invok: Berserk           |     1 |     2 |     6 |    18 |     9 |    10 |     9 |     2 ||    57
       Trog's Hand       |       |     1 |     2 |    10 |     7 |    14 |    11 |     3 ||    48
       Brothers in Arms  |       |       |       |     2 |     2 |     5 |     2 |     1 ||    12
Evoke: Wand              |       |       |       |       |     6 |     9 |     6 |       ||    21
       Lightning rod     |       |       |       |       |       |       |    10 |       ||    10
       Lamp of fire      |       |       |       |       |       |       |     2 |       ||     2
  Use: Scroll            |     4 |     1 |     3 |    12 |     7 |    12 |    36 |     3 ||    78
       Potion            |       |     1 |       |       |     2 |     8 |     7 |     6 ||    24
 Stab: Paralysed         |       |       |       |       |     1 |       |       |       ||     1
       Petrified         |       |       |       |       |    17 |       |       |       ||    17
       Petrifying        |       |       |       |       |     1 |       |       |       ||     1
       Distracted        |       |       |       |       |       |     2 |       |       ||     2
  Eat: Chunk             |     1 |     8 |    16 |    47 |    45 |    34 |    20 |       ||   171
       Ration            |       |       |     1 |       |     4 |     4 |     8 |     1 ||    18
Armor: Animal skin       |     3 |       |       |       |       |       |       |       ||     3
       Ring mail         |    23 |    27 |       |       |       |       |       |       ||    50
       Chain mail        |       |    34 |   137 |   291 |   236 |   156 |       |       ||   854
       Plate armour      |       |       |       |    18 |   285 |   212 |   104 |       ||   619
       Acid dragon scale |       |       |       |       |       |       |    50 |       ||    50
       Crystal plate arm |       |       |       |       |       |       |   555 |    91 ||   646
Dodge: Dodged            |    44 |    86 |   156 |   399 |   759 |   821 |  1121 |   116 ||  3502
